 Dungeon Crawl Stone Soup version 0.18-a0-1418-ga86aa8f (webtiles) character file.

7600 Goblin1989 the Martial Artist (level 10, 0/82 HPs)
             Began as a Demonspawn Monk on Feb 27, 2016.
             Was a High Priest of Okawaru.
             Slain by Snorg (10 damage)
             ... on level 10 of the Dungeon.
             The game lasted 00:41:37 (9708 turns).

Goblin1989 the Martial Artist (Demonspawn Monk)     Turns: 9708, Time: 00:41:37

Health: 0/82       AC: 11    Str: 14    XL:     10   Next: 97%
Magic:  0/15       EV: 18    Int: 12    God:    Okawaru [*****.]
Gold:   514        SH:  0    Dex: 16    Spells: 0 memorised, 9 levels left

rFire  + . .     SeeInvis .       - Unarmed
rCold  . . .     Gourm    .     n - +0 scale mail {rF+}
rNeg   . . .     Faith    .     (no shield)
rPois  .         Spirit   +     (helmet unavailable)
rElec  .         Dismiss  .     u - +0 cloak
rCorr  .         Reflect  .     (no gloves)
SustAt .         Harm     .     K - +2 pair of boots of the Assassin {DetectMon Stab+ Stlth++}
MR     .....                    (no amulet)
Stlth  +++.......               D - ring of loudness (curse)
                                p - +5 ring of evasion

@: heroism, very slightly contaminated, not resistant to hostile enchantments,
fairly stealthy
A: claws 1, horns 3, talons 2, powered by pain 1, magic shield
a: Heroism, Finesse, Renounce Religion


You were on level 10 of the Dungeon.
You worshipped Okawaru.
Okawaru was extremely pleased with you.
You were near starving.

You visited 1 branch of the dungeon, and saw 10 of its levels.

You collected 556 gold pieces.
You spent 42 gold pieces at shops.

Inventory:

Hand Weapons
 b - a +0 shortbow of freezing
Missiles
 l - 166 arrows
 m - 9 arrows of flame
Armour
 n - a +0 scale mail of fire resistance (worn)
 u - a +0 cloak (worn)
 A - the +1 leather armour "Ushruo Beuqeo" {rPois rF+, unknown}
   (You found it on level 5 of the Dungeon)

   It protects you from fire.
   It protects you from poison.
 K - the +2 pair of boots of the Assassin (worn) {DetectMon Stab+ Stlth++}
   (Okawaru gifted it to you on level 9 of the Dungeon)

   It makes you much more stealthy.
Jewellery
 p - a +5 ring of evasion (left claw)
 r - an uncursed ring of fire
 y - an uncursed ring of fire
 D - a cursed ring of loudness (right claw)
Wands
 a - a wand of digging (6/24)
 d - a wand of lightning (6/15)
 w - a wand of confusion (20/48)
 F - a wand of polymorph (3/24)
 H - a wand of disintegration (14/24)
 I - a wand of confusion (23/48)
 N - a wand of heal wounds (0/9)
 O - a wand of flame (22/48)
Scrolls
 c - 4 scrolls of recharging
 e - 2 scrolls of teleportation
 h - 2 scrolls of amnesia
 o - a scroll of identify
 s - a scroll of fear
 z - 2 scrolls of noise
 C - 2 scrolls of enchant weapon
 G - 2 scrolls of enchant armour
Potions
 g - 7 potions of curing
 q - 2 potions of might
 t - 3 potions of flight
 B - 2 potions of cancellation
 E - a potion of resistance
 L - a potion of cure mutation {unknown}
 M - a potion of ambrosia {unknown}
Comestibles
 f - 8 slices of pizza
 i - 4 beef jerkies
 j - 7 fruits
 k - 8 bread rations
 v - 3 meat rations


   Skills:
 * Level 8.9(13.9) Fighting
 * Level 5.6(10.6) Bows
 - Level 2.6(7.6) Dodging
 - Level 1.7(6.7) Stealth
 + Level 11.4(16.4) Unarmed Combat
 + Level 7.6 Invocations


You had 9 spell levels left.
You didn't know any spells.

Dungeon Overview and Level Annotations

Branches:
Dungeon (10/15)            Temple (0/1) D:4            Lair (0/8) D:8
    Orc: D:9-12

Altars:
Elyvilon
Fedhas
Kikubaaqudgha
Makhleb
Okawaru
Pakellas
Ru
Sif Muna
Trog
Beogh

Shops:
D:6 *

Annotations:
D:6 Grinder; zkyp's ghost, novice CeFi
D:10 Snorg


Innate Abilities, Weirdness & Mutations

You have sharp fingernails.
You have a pair of large horns on your head.
You have razor-sharp toenails.
You sometimes gain a little power by taking damage.
When hurt, damage is shared between your health and your magic reserves.


Message History

You feel much better.
You gain the combat prowess of a mighty hero.
You feel slightly more hungry. Snorg bites you! Snorg claws you!
* * * LOW HITPOINT WARNING * * *
Snorg claws you!
* * * LOW HITPOINT WARNING * * *
Unknown command.
Read which item? (? for menu, Esc to quit)
Okay, then.
Snorg closely misses you. Snorg claws you but does no damage. Snorg claws you.
* * * LOW HITPOINT WARNING * * *
Drink which item? (? for menu, Esc to quit)
Okay, then.
Drink which item? (? for menu, Esc to quit)
You feel much better. Snorg bites you!
* * * LOW HITPOINT WARNING * * *
Snorg claws you.
* * * LOW HITPOINT WARNING * * *
Snorg barely misses you. Snorg bites you!
You die...

.......(.......#
#...............
...............#
####.>#.#.######
...............# #..#.#.#
...............# #..#.#.#
...............# #..#.#.#
...............# #..#.#.#
#.####.........#
#..#.#.###### #.#
#######..#######..#.#.......
#.# #..T@......#.########
#.# #.o######.##.# #.# ##.##
#.# #.# #o{# #'### #o.#
....# #..## ....# #...#
....# #.#.## ....#
#.#..###.#..


You could see Snorg (berserk) and an orc.

Vanquished Creatures
  An unseen horror (D:10)
  A centaur zombie (D:9)
  A freezing wraith (D:10)
  Sigmund (D:3)
  2 wraiths
  14 yaks
  2 hippogriffs
  Duvessa (D:7)
  6 orc warriors
  3 sky beasts
  A phantom (D:5)
  2 ice beasts (D:9)
  2 ogres
  2 necrophages
  3 centaurs (D:9)
  A crocodile (D:8)
  The ghost of Amnesiac the Changer, an amateur OpTm (D:5)
  3 giant frogs
  A wyvern zombie (D:10)
  Blork the orc (D:4)
  A gnoll sergeant (D:5)
  Dowan (D:7)
  A water moccasin skeleton (D:8)
  3 scorpions
  A howler monkey (D:5)
  2 crimson imps
  2 jellies
  2 quasits
  6 orc priests
  2 giant frog skeletons
  Crazy Yiuf (D:5)
  3 hounds
  5 orc wizards
  Jessica (D:3)
  Terence (D:3)
  2 iguanas
  7 worker ants
  A hound skeleton (D:10)
  4 gnolls (D:5)
  8 adders
  2 river rats (D:8)
  3 shadow imps
  An ooze (D:2)
  An adder zombie (D:9)
  An adder skeleton (D:5)
  2 worms (D:3)
  2 dart slugs
  4 giant geckos
  40 orcs
  4 ball pythons
  3 giant cockroaches
  10 goblins
  4 hobgoblins
  10 jackals
  10 kobolds
  A quokka (D:8)
  12 bats
  A giant gecko zombie (D:8)
  4 giant newts
  8 rats
  A plant (D:8)
227 creatures vanquished.

Vanquished Creatures (others)
  2 fungi (D:8)
2 creatures vanquished.

Grand Total: 229 creatures vanquished

Notes
Turn   | Place    | Note
--------------------------------------------------------------
     0 | D:1      | Goblin1989 the Demonspawn Monk began the quest for the Orb.
     0 | D:1      | Reached XP level 1. HP: 18/18 MP: 1/1
   116 | D:1      | Reached skill level 4 in Unarmed Combat
   250 | D:1      | Gained mutation: You have sharp toenails. [demonic ancestry]
   250 | D:1      | Reached XP level 2. HP: 24/24 MP: 2/2
   630 | D:1      | Gained mutation: You have a pair of small horns on your head. [demonic ancestry]
   630 | D:1      | Reached XP level 3. HP: 26/29 MP: 3/3
   717 | D:2      | Found a faded altar to an unknown god.
   771 | D:2      | Found an iron altar of Okawaru.
   777 | D:2      | Became a worshipper of Warmaster Okawaru
   777 | D:2      | Reached * piety under Okawaru
   777 | D:2      | Reached ** piety under Okawaru
   784 | D:2      | Found a white marble altar of Elyvilon.
   941 | D:2      | Found a blossoming altar of Fedhas.
  1507 | D:3      | Reached skill level 5 in Unarmed Combat
  1521 | D:3      | Noticed Sigmund
  1558 | D:3      | Killed Sigmund
  1558 | D:3      | Reached *** piety under Okawaru
  1558 | D:3      | Reached skill level 6 in Unarmed Combat
  1558 | D:3      | Reached XP level 4. HP: 35/35 MP: 1/4
  1558 | D:3      | Gained mutation: You have a pair of horns on your head. [demonic ancestry]
  1558 | D:3      | Reached XP level 5. HP: 41/41 MP: 1/5
  1745 | D:3      | Gained mutation: You sometimes gain a little power by taking damage. [demonic ancestry]
  1745 | D:3      | Reached XP level 6. HP: 6/47 MP: 3/6
  2032 | D:3      | Found an ancient bone altar of Kikubaaqudgha.
  2121 | D:3      | Found a sacrificial altar of Ru.
  2153 | D:3      | Noticed Terence
  2183 | D:3      | Killed Terence
  2599 | D:3      | Noticed Jessica
  2607 | D:3      | Found a deep blue altar of Sif Muna.
  2613 | D:3      | Killed Jessica
  2613 | D:3      | Reached skill level 7 in Unarmed Combat
  2849 | D:4      | Found an oddly glowing altar of Pakellas.
  2894 | D:4      | Noticed Blork the orc
  2904 | D:4      | Killed Blork the orc
  3020 | D:4      | Found a staircase to the Ecumenical Temple.
  3311 | D:4      | Gained mutation: You have razor-sharp toenails. [demonic ancestry]
  3311 | D:4      | Reached XP level 7. HP: 40/52 MP: 7/7
  3586 | D:5      | Entered Level 5 of the Dungeon
  3586 | D:5      | Noticed Amnesiac's ghost (amateur OpTm)
  3606 | D:5      | Killed Amnesiac's ghost
  3606 | D:5      | Reached skill level 8 in Unarmed Combat
  3772 | D:5      | Reached **** piety under Okawaru
  4011 | D:5      | Reached skill level 9 in Unarmed Combat
  4265 | D:5      | Got a bloodstained leather armour
  4334 | D:5      | Gained mutation: You have sharp fingernails. [demonic ancestry]
  4334 | D:5      | Reached XP level 8. HP: 58/58 MP: 5/8
  5069 | D:5      | Reached skill level 10 in Unarmed Combat
  5090 | D:5      | Noticed Crazy Yiuf
  5099 | D:5      | Killed Crazy Yiuf
  5462 | D:6      | Noticed Grinder
  5462 | D:6      | Noticed zkyp's ghost (novice CeFi)
  5561 | D:6      | Found Qayta's General Store.
  5565 | D:6      | Bought a scroll of fear for 42 gold pieces
  5737 | D:7      | Reached skill level 1 in Invocations
  6031 | D:7      | Gained mutation: When hurt, damage is shared between your health and your magic reserves. [demonic ancestry]
  6031 | D:7      | Reached XP level 9. HP: 42/66 MP: 11/11
  6039 | D:7      | Found a burning altar of Makhleb.
  6066 | D:7      | Noticed Dowan
  6078 | D:7      | Noticed Duvessa
  6110 | D:7      | Killed Duvessa
  6167 | D:7      | Killed Dowan
  6167 | D:7      | Reached skill level 5 in Fighting
  6360 | D:8      | Found a staircase to the Lair.
  6478 | D:8      | Found a bloodstained altar of Trog.
  7535 | D:9      | Reached skill level 5 in Invocations
  7626 | D:9      | Reached skill level 1 in Bows
  7630 | D:9      | Reached ***** piety under Okawaru
  7638 | D:9      | Reached skill level 11 in Unarmed Combat
  7953 | D:9      | Gained mutation: You have a pair of large horns on your head. [demonic ancestry]
  7953 | D:9      | Reached XP level 10. HP: 52/79 MP: 8/14
  8568 | D:9      | Received a gift from Okawaru
  8770 | D:10     | Entered Level 10 of the Dungeon
  8786 | D:10     | Found a roughly hewn altar of Beogh.
  8961 | D:10     | Reached skill level 5 in Bows
  9242 | D:10     | Killed an unseen horror
  9689 | D:10     | Noticed Snorg
  9706 | D:10     | HP: 4/82 [Snorg (5)]
  9708 | D:10     | Slain by Snorg

Vault maps used:
D:1:      mrwooster_arrival_statue_3
D:2:      old_standard_altar, okawaru_ov_weapons_minmay, lemuel_crystal_altar,
          serial_co_window_serial, co_window_of_opportunity_a,
          co_window_paths_b, co_window_paths_a, co_window_corner_a,
          co_window_cross_1, co_window_paths_c, co_window_of_opportunity_c,
          co_window_unsneaky_path_b, co_window_unsneaky_path_d,
          co_window_paths_d, glass_columns_a, glass_columns_a, glass_columns_b,
          glass_columns_c, glass_columns_a, ecumenical_altar_1, first_bread,
          st_stairs_14, grunt_decor_fettered
D:3:      kiku_gazebo_pond_becter, nicolae_ru_awakened_eye, tgw_sif,
          uniq_terence, uniq_sigmund
D:4:      grunt_pakellas_salt, minmay_temple_entry_mist, grunt_decor_clamped,
          uniq_blork_the_orc
D:5:      uniq_crazy_yiuf_cottage
D:6:      serial_shops, shop, roderic_roman_lattice, hangedman_decor_slide_cut,
          uniq_pikel, uniq_eustachio, uniq_grinder
D:7:      kennysheep_doodads, bloody_makhleb, uniq_duvessa
D:8:      kennysheep_little_box, due_lair_maze_entry_diamond, grunt_pizzeria
D:10:     minmay_misc_feat_plants, david_defended_altar_orc, uniq_snorg

Skill      XL: |  1  2  3  4  5  6  7  8  9 10 |
---------------+-------------------------------+-----
Unarmed Combat | 4 6 7 9 10 11 | 11.4
Invocations    | 2 5 7 |  7.6
Fighting       | 4 7 8 |  8.9
Bows           | 2 5 |  5.6
Dodging        | |  2.6
Stealth        | |  1.7

Action                   |  1- 3 |  4- 6 |  7- 9 | 10-12 || total
-------------------------+-------+-------+-------+-------++-------
Melee: Unarmed           |   142 |   139 |   356 |   205 ||   842
Invok: Heroism           |     1 |     2 |    11 |     2 ||    16
Evoke: Wand              |       |       |       |     2 ||     2
  Use: Potion            |     4 |       |       |     2 ||     6
       Scroll            |       |     6 |     8 |     1 ||    15
 Stab: Sleeping          |     1 |       |     3 |     3 ||     7
  Eat: Chunk             |     2 |     6 |    14 |     4 ||    26
       Fruit             |       |       |     2 |       ||     2
